AoeStats
← KevuJr

Arabia

509955993Analyzed
2v2 RM · 2d ago on Sep 28, 2026· 28m 6s· 4 players
Game mode
Random Map
Map size
Medium (4 player)
Population
200
Speed
Normal
Resources
Standard
Victory
Conquest
Starting age
Dark Age
Ending age
Imperial Age
RankedLock teamsTeams togetherTeam positionsShared explorationLock speedFull tech treeHidden civsTurbo modeCheats
Victory
Defeat
🇦🇷 Vietnamese · Argentina
1268
+13
🇩🇪 Byzantines · Germany
1169
+17
🇺🇸 Georgians · United States
1239
-16
🇺🇸 Mongols · United States
1163
-14
amityy
7:23 Loom
9:26 Feudal Age
10:20 Double-Bit Axe
11:44 Horse Collar
20:19 Castle Age
19:51 Bloodlines
20:26 Scale Barding Armor
24:13 Forging
26:15 Husbandry
bennnnnnnnnnn
6:51 Loom
8:59 Feudal Age
10:16 Double-Bit Axe
14:53 Bloodlines
15:57 Scale Barding Armor
21:30 Castle Age
19:33 Fletching
20:25 Gold Mining
23:09 Bodkin Arrow
26:30 Padded Archer Armor
tHeDesiRe
7:07 Loom
9:31 Feudal Age
11:53 Double-Bit Axe
21:03 Castle Age
20:18 Fletching
20:30 Scale Mail Armor
20:24 Horse Collar
21:05 Pikeman
22:22 Bow Saw
23:48 Heavy Plow
27:58 Scale Barding Armor
KevuJr
7:36 Loom
9:49 Feudal Age
10:49 Double-Bit Axe
15:21 Town Watch
15:32 Horse Collar
16:53 Fletching
19:29 Wheelbarrow
20:59 Padded Archer Armor
24:53 Castle Age
23:14 Gold Mining
24:55 Crossbowman
25:41 Thumb Ring
25:43 Bodkin Arrow
27:29 Ballistics
27:26 Town Patrol
Connection lost

Rejoining the realm…

Still unreachable

The connection could not be restored.

Session expired

The server has moved on; the page needs a fresh start.